← All builds
Beach sea / Cortex / Economy first / OBSERVED BUILD

Standard beach sea

The role's usual play: com goes to sea to build a shipyard around 2 minutes, pumping frigates and destroyers to contest enemy sea entry or hold vision, with an advanced metal extractor around 10 minutes as the transition into the team's…

Usually shipyard first (94%)

#naval #eco · 796 distinct matches · 106 players · 84% of Cortex Beach sea games · team won 55% of 859 · Recently observed

HOW TO PLAY IT

Key timing: Shipyard by 1:57

  1. Open 3 mex and wind while com heads straight to sea.
  2. Drop Shipyard fast, before 2:00, to seize early sea presence.
  3. Push "frigate" out to contest enemy sea entry or hold vision.
  4. Add "destroyer" as the fleet grows.
  5. Transition into Advanced Metal Extractor to catch up on eco.

Phase by phase

TYPICAL OF ITS 796 GAMES
  1. 1
  2. 2
  3. 3
PLAY THE OPENING

Follow the example game's first 6:00 step by step: what to build now, what comes next, and where it goes. At 1× it keeps pace with your own game.

  1. 1

    Up to the Shipyard

    Economy
    • Metal Extractor3Mex
    • Wind Turbine3Windfor allies
    • Wind Turbine2Wind
    • Energy Storage1Energy storage
    Order
    1. ShipyardShipyard after 3 mex, 2 wind, 1 energy storagedone ~1:57, middle half 1:45–2:08

    By 1:41 in all: 3 mex · 2 wind · 1 energy storage

    The example game in this phase · 7 steps
    1. Mex ×3
    2. Wind ×2for Air
    3. Wind ×2
    4. Energy storage
    5. Windfor Air
    6. GuardGuard ×2
    7. ShipyardShipyarddone 2:20 · typical 1:57
  2. 2

    Shipyard to 5:00

    Economy
    • Metal Extractor5Mex
    • Tidal Generator2Tidal
    Builders
    • Construction Ship2 Con ship
    Army
    • Riptide2 Frigate
    • Herring1 Missile corvette
    • Oppressor1 Destroyer
    Other
    • Naval Radar / Sonar Tower1 Naval Radar / Sonar Tower

    Some games also: Urchin (43%) · wind (40%) · submarine (39%) · gunboat (36%) · con turret (36%)

    By 5:00 in all: 8 mex · 3 wind · 2 tidal · 1 energy storage

    The example game in this phase · 22 steps
    1. Wind
    2. Construction ShipCon ship
    3. Wind
    4. HerringMissile corvette
    5. RiptideFrigatedone 3:06 · typical 3:52
    6. Mex
    7. OrcaSubmarinenot finished by 15:00
    8. Construction ShipCon ship
    9. Mex
    10. Death CavalryDeath Cavalry
    11. Mex
    12. Mex
    13. RiptideFrigate
    14. Mex
    15. GuardGuard
    16. RiptideFrigate
    17. Mex
    18. Naval Radar / Sonar TowerNaval Radar / Sonar Tower
    19. Wind
    20. RiptideFrigate
    21. Radar TowerRadar Tower
    22. HerringMissile corvette
  3. 3

    5:00 to 10:00

    Economy
    • Metal Extractor1Mex
    • Wind Turbine10Wind
    Builders
    • Death Cavalry1 Death Cavalry
    • Construction Ship1 Con ship
    Army
    • Urchin1 Urchin
    • Riptide5 Frigate
    • Oppressor2 Destroyer
    • Herring2 Missile corvette
    Other
    • Naval Radar / Sonar Tower1 Naval Radar / Sonar Tower

    Some games also: Naval Construction Turret (48%) · Guard (47%) · Radar Tower (41%) · tidal (38%) · con turret (35%)

    By 10:00 in all: 9 mex · 12 wind · 4 wind · 4 tidal · 1 energy storage · 1 Naval Construction Turret

    The example game in this phase · 138 steps
    1. Wind
    2. OppressorDestroyerdone 5:57 · typical 5:10
    3. Wind ×2
    4. Mex
    5. OrcaSubmarine
    6. Con turret
    7. Construction ShipCon ship
    8. Mex
    9. Death CavalryDeath Cavalry
    10. RiptideFrigate
    11. Mex
    12. Wind
    13. RiptideFrigate
    14. Wind ×2
    15. Naval Radar / Sonar TowerNaval Radar / Sonar Tower
    16. RiptideFrigate
    17. Wind
    18. Advanced Metal ExtractorT2 mexdone 8:33 · typical 9:57
    19. Wind
    20. HerringMissile corvette
    21. Wind
    22. OppressorDestroyer
    23. Wind ×3
    24. Advanced Metal ExtractorT2 mex
    25. Construction ShipCon ship
    26. Wind
    27. Death CavalryDeath Cavalry
    28. Con turret
    29. RiptideFrigate ×2
    30. Wind ×2
    31. RiptideFrigate
    32. Advanced Metal ExtractorT2 mex
    33. HerringMissile corvette
    34. Wind
    35. OppressorDestroyer
    36. GuardGuard
    37. Mex
    38. Wind ×2
    39. Mex
    40. Construction ShipCon ship
    41. Wind ×2
    42. Death CavalryDeath Cavalry
    43. Wind
    44. Con turret
    45. RiptideFrigate
    46. Advanced Metal ExtractorT2 mex
    47. Wind
    48. RiptideFrigate
    49. Wind ×3
    50. RiptideFrigate
    51. Wind ×3
    52. HerringMissile corvette
    53. Construction ShipCon ship
    54. Wind ×2
    55. Construction ShipCon ship
    56. Bot LabBot Labdone 11:38
    57. Construction ShipCon ship
    58. Wind
    59. Naval Construction Turret
    60. Wind
    61. Naval Construction Turret
    62. Advanced ShipyardAdvanced Shipyarddone 12:51
    63. Construction BotCon bot
    64. Wind
    65. Tidal
    66. Naval Construction Turret
    67. Construction BotCon bot
    68. Tidal
    69. Naval Construction Turret
    70. Wind
    71. Tidal
    72. Naval Construction Turret
    73. Construction BotCon bot
    74. Wind
    75. Tidal
    76. Naval Construction Turret
    77. Construction BotCon bot
    78. Tidal ×2
    79. Wind
    80. Construction BotCon bot
    81. Con turret
    82. Tidal
    83. Wind
    84. Construction BotCon bot
    85. Tidal
    86. Advanced Construction SubAdvanced Construction Sub
    87. Con turret
    88. Tidal
    89. Construction BotCon bot
    90. Tidal
    91. Con turret
    92. Fusion ReactorFusiondone 14:46
    93. Wind
    94. Tidal
    95. GuardGuard
    96. Con turret
    97. Construction BotCon bot
    98. Tidal
    99. PathfinderPathfinder
    100. Tidal
    101. Con turret
    102. Radar TowerRadar Tower
    103. PathfinderPathfinder
    104. Con turret
    105. Tidal
    106. Wind
    107. Construction BotCon bot
    108. PathfinderPathfinder
    109. Con turret
    110. Tidal
    111. Con turret
    112. Construction BotCon bot
    113. Tidal
    114. Wind
    115. Tidal
    116. Construction BotCon bot
    117. Tidal ×2
    118. Construction BotCon bot
    119. Wind
    120. Tidal
    121. Wind
    122. Tidal
    123. Construction BotCon bot
    124. Wind
    125. Naval Advanced Metal ExtractorNaval Advanced Metal Extractornot finished by 15:00
    126. Naval Metal Storage
    127. Naval Energy Storage
    128. Wind
    129. Tidal
    130. Wind
    131. Tidal
    132. Construction BotCon bot
    133. Naval Energy Storage
    134. Wind
    135. Tidal
    136. Construction BotCon bot
    137. Wind
    138. Construction BotCon bot

Counts are medians over the build's games: half of them build more, half fewer. The example game is MrCoolPotato's (43 OS, 12/09/2026); pick another.

Team trades

IN AT LEAST 30% OF ITS GAMES

You hand over

  • Wind Turbine3 Wind to Airfirst at 1:52 · in 78% of games

You get

  • Finch1 Finch from Airfirst at 1:58 · in 82% of games
  • Lazarus1 Lazarus from Geofirst at 2:14 · in 62% of games
  • Hephaestus1 Heavy transport from Airfirst at 2:16 · in 68% of games
  • Construction Bot1 Con bot from Geofirst at 2:27 · in 69% of games
  • Hercules1 Light transport from Airfirst at 2:33 · in 32% of games
  • Advanced Construction Bot1 T2 con bot from Techfirst at 8:09 · in 88% of games

How it plays out

Typical game of this build, running totals by minute

Metal produced

010k20k30k
0:005:0010:0015:00

metal

Enemy metal destroyed

05k10k
0:005:0010:0015:00

metal

Own metal lost

02.5k5k7.5k
0:005:0010:0015:00

metal

859 games.

Show as table
ByMetal produced: This buildEnemy metal destroyed: This buildOwn metal lost: This build
1:0040300
2:0093700
3:00156700
4:0025252150
5:003701197100
6:005034535251
7:0064811091590
8:00807618251040
9:00968328531610
10:001159139952340
11:001381852133090
12:001636061593830
13:001915472004615
14:002195583275730
15:002495293256631
WHAT THE NUMBERS SAY

Standard Beach sea wins more than Geo sea's 50% and gets its Shipyard up faster, using early sea access before falling behind on land resources.

  • + Shipyard finishes by 1:57, faster than Geo sea's 3:18
  • + 54% team win rate beats the Cortex geo sea baseline
  • − Metal produced trails Geo sea's Cortex build, 24356 vs 28451 by 15:00
  • − T2 factory only lands in 35% of games by 12:42
THE EXAMPLE YOU ARE READING

MrCoolPotato

43.0 OS · 12/09/2026

Open source match ↗

11 received units · includes a constructor
512 metal received · 164785 energy received

Allied construction assistance is unknown. Timings are observations, not a promise of solo reproducibility.

Typical milestones

Shipyard1:57Middle 50%: 1:45–2:08 · n=857
Riptide3:52Middle 50%: 3:16–4:33 · n=845
Oppressor5:10Middle 50%: 4:13–6:08 · n=830
Advanced Metal Extractor9:57Middle 50%: 9:16–10:53 · n=730

Played most by

EpicTyrannus82games of this buildDamsko66games of this buildWaboum64games of this buildPRO_HYDRA58games of this buildMrCoolPotato51games of this build